 Dungeon Sprint DCSS version 0.29-a0-392-g297d3b089c (webtiles) character file.

Game seed: 6923543941121238427

82908210 mhtbhm the Conqueror (level 22, 145/169 HPs)
             Began as a Gargoyle Fighter on May 8, 2022.
             Was an Initiate of Gozag.
             Escaped with the Orb
             ... and 17 runes!
             The game lasted 00:55:24 (22085 turns).

mhtbhm the Conqueror (Gargoyle Fighter)            Turns: 22085, Time: 00:55:25

Health: 145/169    AC: 62    Str: 34    XL:     22   Next: 70%
Magic:  24/24      EV: 20    Int:  8    God:    Gozag
Gold:   15059      SH: 29    Dex: 12    Spells: 24/24 levels left

rFire   + . .      SeeInvis .   A - +8 trishula (holy)
rCold   + . .      Faith    .   c - +0 tower shield {AC+3}
rNeg    + + .      Spirit   .   X - +10 plate armour {rF+}
rPois   ∞          Reflect  +   O - +2 hood of the Assassin {Detection Stab+ Stlth++}
rElec   +          Harm     .   N - +2 cloak {rCorr}
rCorr   +          Rampage  .   m - +0 pair of gloves
Will    +....      NoTele   +   x - +0 pair of boots
Stlth   +++.......              R - amulet of reflection
HPRegen 0.38/turn               T - ring "Beuhesou" {rPois rN+ rCorr}
MPRegen 0.19/turn               V - ring of Buurph {rC+ Str+5 Int-3 Dex+5}

@: flying
A: sickness immunity, AC +16, big wings, negative energy resistance 1,
electricity resistance, torment resistance 1, petrification resistance, clumsy
1, wild magic 1
0: Orb of Zot
}: 17/17 runes: decaying, serpentine, barnacled, slimy, elven, silver, golden,
iron, obsidian, icy, bone, abyssal, glowing, magical, fiery, dark, gossamer
a: Renounce Religion, Potion Petition, Call Merchant, Bribe Branch


You escaped.
You worshipped Gozag.
Gozag was extremely pleased with you.
You visited 1 branch You collected 63340 gold pieces.
You spent 8901 gold pieces at shops.
You paid 39380 gold pieces to Gozag.

Inventory:

Hand Weapons
 a - a +1 demon whip of venom
 k - the +6 sword of Cerebov {flame}
   (You took it off Cerebov in the Dungeon)

   It burns those it strikes, dealing additional fire damage.
   Big, fiery blades are also staple armaments of hydra-hunters.
   It temporarily reduces the fire resistance of those it strikes.
 l - a +2 great mace of holy wrath
 A - a +8 trishula of holy wrath (weapon)
 J - the +8 mithril axe "Arga" {speed, Will+}
   (You found it in the Dungeon)

   Attacks with this weapon are significantly faster.
   Will:      It increases your willpower.
Missiles
 o - a curare-tipped dart
 M - 4 silver javelins (quivered)
Armour
 b - the +8 chain mail of the Game Afoot {Rampage Dex+7}
   (You bought it in a shop in the Dungeon)

   Dex:       It affects your dexterity (+7).
   Rampage:   It bestows one free step when moving towards enemies.
 c - a +0 tower shield of protection (worn)
 m - a +0 pair of gloves (worn)
 v - a +6 plate armour of fire resistance
 x - a +0 pair of boots (worn)
 N - a +2 cloak of preservation (worn)
 O - the +2 hood of the Assassin (worn) {Detection Stab+ Stlth++}
   (You bought it in a shop in the Dungeon)

   It allows the wearer to sense nearby creatures.
   It allows the wearer to make particularly effective stabbing attacks against
   helpless or unaware enemies with any weapon.
   Stlth:     It makes you much more stealthy.
 X - a +10 plate armour of fire resistance (worn)
Jewellery
 g - a ring of see invisible
 w - a +6 ring of strength
 C - a +4 ring of evasion
 R - an amulet of reflection (around neck)
 T - the ring "Beuhesou" (left hand) {rPois rN+ rCorr}
   (You found it in the Dungeon)

   [ring of resist corrosion]

   rPois:     It protects you from poison.
   rN:        It protects you from negative energy.
   rCorr:     It protects you from acid and corrosion.
 V - the ring of Buurph (right hand) {rC+ Str+5 Int-3 Dex+5}
   (You found it in the Dungeon)

   [ring of protection from cold]

   Str:       It affects your strength (+5).
   Int:       It affects your intelligence (-3).
   Dex:       It affects your dexterity (+5).
   rC:        It protects you from cold.
Wands
 n - a wand of flame (2)
Scrolls
 j - 2 scrolls of blinking
 s - 5 scrolls of fog
 E - 2 scrolls of summoning
 G - 2 scrolls of identify
 L - 3 scrolls of fear
 P - a scroll of immolation
 Z - a scroll of poison
Potions
 d - a potion of degeneration {unknown}
 e - 3 potions of heal wounds
 f - 2 potions of might
 h - 9 potions of magic
 q - a potion of mutation
 z - 2 potions of cancellation
 B - 2 potions of lignification
 D - a potion of attraction
 F - 3 potions of curing
 K - a potion of ambrosia
 Y - 4 potions of haste
Miscellaneous
 i - a phantom mirror
 r - a box of beasts
 t - a lightning rod (4/4)
 y - the horn of Geryon


   Skills:
 O Level 27 Fighting
 + Level 1.6(2.0) Short Blades
 + Level 1.6(2.0) Long Blades
 O Level 27 Axes
 O Level 27 Maces & Flails
 O Level 27 Polearms
 + Level 1.7(25.5) Staves
 + Level 1.7(18.1) Slings
 + Level 1.8 Bows
 + Level 1.8 Crossbows
 O Level 27 Throwing
 O Level 27 Armour
 O Level 27 Dodging
 O Level 27 Stealth
 O Level 27 Shields
 + Level 1.7 Unarmed Combat
 + Level 1.5 Spellcasting
 + Level 2.0 Conjurations
 + Level 1.5 Hexes
 + Level 1.5 Summonings
 + Level 1.4 Necromancy
 + Level 1.5 Translocations
 + Level 1.3 Transmutations
 + Level 1.8 Fire Magic
 + Level 1.8 Ice Magic
 + Level 1.3 Air Magic
 + Level 2.1 Earth Magic
 + Level 1.7 Poison Magic
 + Level 2.0 Invocations
 O Level 27 Evocations


You had 24 spell levels left.
You didn't know any spells.
Your spell library contained the following spells:

 Spells                   Type           Power      Damage    Failure   Level
 Ozocubu's Armour         Ice            4%         N/A       83%         3
 Metabolic Englaciation   Hex/Ice        2%         N/A       100%        5
 Conjure Ball Lightning   Conj/Air       2%         3x3d6     100%        6
 Simulacrum               Ice/Necr       2%         N/A       100%        6
 Discord                  Hex            2%         N/A       100%        8
 Disjunction              Tloc           2%         N/A       100%        8


Dungeon Overview and Level Annotations

Branches:
Dungeon (1/1)

Altars:
Cheibriados
Dithmenos
Elyvilon
Fedhas
Gozag
Hepliaklqana
Kikubaaqudgha
Makhleb
Nemelex Xobeh
Okawaru
Qazlal
Ru
Sif Muna
Trog
Uskayaw
Vehumet
Wu Jian
Xom
Yredelemnul
Zin
The Shining One
Beogh
Jiyva
Lugonu

Shops:
D **:!*(*??[=([??([


Innate Abilities, Weirdness & Mutations

You are immune to sickness and miasma.
Your stone body is resilient. (AC +16)
You are immune to poison.
Your large and strong wings let you fly.
You resist negative energy. (rN+)
You are resistant to electric shocks. (rElec)
You are resistant to unholy torment.
You are immune to petrification.
You are clumsy. (Dex -2)
Your spells are a little harder to cast, but a little more powerful.


Message History

No target in view!
No target in view!
No target in view!
You now have 14996 gold pieces (gained 108).
There is a glowing golden altar of the Shining One here.
You now have 15059 gold pieces (gained 63).
There is an open door here.
There is a glowing golden altar of the Shining One here.
There is a glowing silver altar of Zin here.
There is a basalt altar of Yredelemnul here.
There is a shimmering altar of Xom here.
There is an ornate altar of the Wu Jian Council here.
There is a radiant altar of Vehumet here.
There is a hide-covered altar of Uskayaw here.
There is a bloodstained altar of Trog here.
There is a shimmering blue altar of Sif Muna here.
There is a sacrificial altar of Ru, spattered with blood here.
Things that are here:
a +0 plate armour; a +2 battleaxe
There is a stormy altar of Qazlal here.
There is an iron altar of Okawaru here.
There is a sparkling altar of Nemelex Xobeh here.
There is a burning altar of Makhleb here.
There is a corrupted altar of Lugonu here.
There is an ancient bone altar of Kikubaaqudgha here.
There is a hazy altar of Hepliaklqana here.
There is an opulent altar of Gozag here.
There is a blossoming altar of Fedhas here.
There is a white marble altar of Elyvilon here.
There is a shadowy altar of Dithmenos here.
There is a snail-covered altar of Cheibriados here.
There is a roughly hewn altar of Beogh here.
There is an open door to the Temple here.
There is an open door, spattered with blood here.
Things that are here:
a +0 club; a +0 robe; a +0 dagger You see here a +0 short sword.
There is an open door to the Dungeon here.
There is a staircase leading out of the dungeon here.
You have escaped!

▓▓▓▓▓▓▓▓▓▓▓▓▓▓▓▓▓▓
'.....)....)'...@▓
▓▓▓▓▓▓▓▓▓▓▓▓▓▓▓▓▓▓
.................▓
▓▓▓▓▓▓▓▓▓▓▓▓▓▓▓▓.▓
.[(......'.......▓
▓▓▓▓▓▓▓▓▓▓▓▓▓▓▓▓▓▓
........[...[....▓
▓▓▓▓▓▓▓▓▓▓▓▓▓▓▓▓.▓
[[.).[...[..[....▓


There were no monsters in sight!

Vanquished Creatures
  Cerebov (D)
  Asmodeus (D)
  Antaeus (D)
  the Royal Jelly (D)
  Gloorx Vloq (D)
  Ereshkigal (D)
  A seraph (D)
  5 pandemonium lords (D)
  Mnoleg (D)
  Lom Lobon (D)
  5 orbs of fire (D)
  Dispater (D)
  Mara (D)
  8 ancient liches (D)
  Mennas (D)
  4 royal mummies (D)
  A Killer Klown (D)
  Boris (twice) (D)
  Saint Roka (D)
  Margery (D)
  Geryon (D)
  6 golden dragons (D)
  A profane servitor (D)
  Jory (D)
  A bone dragon (D)
  3 electric golems (D)
  3 Tzitzimimeh (D)
  A Brimstone Fiend (D)
  A hellephant (D)
  2 Hell Sentinels (D)
  9 acid blobs (D)
  4 tentacled monstrosities (D)
  A lich (D)
  An Ice Fiend (D)
  39 Orb Guardians (D)
  3 deep elf blademasters (D)
  2 deep elf master archers (D)
  Frances (D)
  8 shadow dragons (D)
  14 sphinxes (D)
  Kirke (D)
  4 Executioners (D)
  3 draconian monks (D)
  5 nagarajas (D)
  3 storm dragons (D)
  Ilsuiw (D)
  3 draconian knights (D)
  5 rockslimes (D)
  5 azure jellies (D)
  3 demonspawn warmongers (D)
  A frost giant (D)
  A fire giant (D)
  4 deep elf sorcerers (D)
  6 emperor scorpions (D)
  3 vault wardens (D)
  Louise (D)
  A balrug (D)
  A cacodemon (D)
  2 draconian annihilators (D)
  A draconian shifter (D)
  A draconian stormcaller (D)
  2 angels (D)
  3 quicksilver oozes (D)
  An ironbound thunderhulk (D)
  4 reapers (D)
  A demonspawn corrupter (D)
  2 stone giants (D)
  A demonspawn blood saint (D)
  7 ironbound preservers (D)
  8 vampire knights (D)
  A lorocyproca (D)
  2 deep elf annihilators (D)
  A demonspawn black sun (D)
  2 white draconians (D)
  3 black draconians (D)
  An eleionoma (D)
  4 green draconians (D)
  7 red draconians (D)
  A spark wasp (D)
  A purple draconian (D)
  2 yellow draconians (D)
  2 bunyips (D)
  2 deep elf death magi (D)
  A blizzard demon (D)
  5 ettins (D)
  2 merfolk javelineers (D)
  8 mummy priests (D)
  3 fire dragons (D)
  3 deep elf high priests (D)
  A yaktaur captain (D)
  5 green deaths (D)
  5 merfolk impalers (D)
  A great orb of eyes (D)
  5 rakshasas (D)
  25 vault guards (D)
  4 merfolk avatars (D)
  5 hydras (D)
  5 ice dragons (D)
  A ghost crab (D)
  A boulder beetle (D)
  2 catoblepae (D)
  3 merfolk aquamancers (D)
  5 naga warriors (D)
  A two-headed ogre (D)
  A tengu warrior (D)
  A vampire mage (D)
  2 death yaks (D)
  A deep troll earth mage (D)
  A deep troll shaman (D)
  A thrashing horror (D)
  A naga sharpshooter (D)
  A death yak (shapeshifter) (D)
  4 spriggan berserkers (D)
  4 soul eaters (D)
  5 hell knights (D)
  4 sun demons (D)
  4 sixfirhies (D)
  A cherub (D)
  Nergalle (D)
  A sun moth (D)
  4 glowing orange brains (D)
  4 shadow demons (D)
  A sea snake (D)
  6 swamp dragons (D)
  A harpy (D)
  7 orc knights (D)
  2 wizards (D)
  2 ironbound convokers (D)
  A harpy (shapeshifter) (D)
  A lindwurm (shapeshifter) (D)
  3 necromancers (D)
  An orc sorcerer (D)
  A deep elf pyromancer (D)
  2 ugly things (D)
  A salamander (shapeshifter) (D)
  3 wolf spiders (D)
  15 moths of wrath (D)
  A cyclops (D)
  A manticore (D)
  A guardian serpent (D)
  2 merfolk sirens (D)
  Maurice (D)
  A water nymph (D)
  3 cane toads (D)
  4 vault sentinels (D)
  An orange demon (D)
  2 smoke demons (D)
  3 black mambas (D)
  2 naga magi (D)
  3 yaktaurs (D)
  A rime drake (D)
  2 hellions (D)
  2 demonic crawlers (D)
  A freezing wraith (D)
  An efreet (D)
  2 tormentors (D)
  3 komodo dragons (D)
  2 ice devils (D)
  A wandering mushroom (D)
  2 ancient zymes (D)
  16 guardian mummies (D)
  8 hellwings (D)
  A merfolk (D)
  A raiju (D)
  A snapping turtle (D)
  A tarantella (D)
  2 jumping spiders (D)
  11 spriggans (D)
  A ynoxinul (D)
  A culicivora (D)
  A wyvern (D)
  A hog (D)
  7 yaks (D)
  A wyvern (shapeshifter) (D)
  A shadow (D)
  A basilisk (D)
  3 golden eyes (D)
  3 redbacks (D)
  A chaos spawn (D)
  3 neqoxecs (D)
  4 nagas (D)
  6 large abominations (D)
  2 acid dragons (D)
  A warg (D)
  4 water moccasins (D)
  4 hell hounds (D)
  A floating eye (D)
  3 swamp drakes (D)
  19 orc warriors (D)
  An ogre (D)
  A wolf (D)
  A centaur (D)
  2 kobold brigands (D)
  3 bullfrogs (D)
  3 small abominations (D)
  A scorpion (D)
  A jelly (D)
  5 orc priests (D)
  An iron imp (D)
  3 orc wizards (D)
  A worm (D)
  10 orcs (D)
  2 endoplasms (D)
  A kobold (D)
  2 ball pythons (D)
622 creatures vanquished.

Vanquished Creatures (collateral kills)
  A Killer Klown (D)
  A shock serpent (D)
2 creatures vanquished.

Vanquished Creatures (others)
  An alligator (D)
  A centaur warrior (D)
  A deep elf pyromancer (D)
  A will-o-the-wisp (D)
  A cyclops (D)
  2 tyrant leeches (D)
  A bloated husk (D)
  A slime creature (D)
  5 humans (D)
  An acid dragon (D)
  A fire vortex (D)
16 creatures vanquished.

Grand Total: 640 creatures vanquished

Notes
Turn   | Place    | Note
-------+----------+-------------------------------------------
     0 | D        | mhtbhm the Gargoyle Fighter began the quest for the Orb.
     0 | D        | Reached XP level 1. HP: 14/14 MP: 1/1
   197 | D        | Noticed a jelly
   197 | D        | Noticed an orc wizard
   197 | D        | Noticed a scorpion
   208 | D        | Killed a scorpion
   209 | D        | Reached skill level 5 in Fighting
   209 | D        | Reached skill level 5 in Armour
   209 | D        | Reached skill level 5 in Shields
   209 | D        | Reached XP level 2. HP: 9/21 MP: 2/2
   209 | D        | Reached XP level 3. HP: 12/26 MP: 3/3
   209 | D        | Reached XP level 4. HP: 14/31 MP: 4/4
   224 | D        | Reached XP level 5. HP: 37/37 MP: 5/5
   229 | D        | Found a snail-covered altar of Cheibriados.
   229 | D        | Found a shadowy altar of Dithmenos.
   229 | D        | Found a white marble altar of Elyvilon.
   229 | D        | Found a blossoming altar of Fedhas.
   229 | D        | Found an opulent altar of Gozag.
   230 | D        | Found a hazy altar of Hepliaklqana.
   231 | D        | Found a viscous altar of Jiyva.
   232 | D        | Found an ancient bone altar of Kikubaaqudgha.
   233 | D        | Found a corrupted altar of Lugonu.
   234 | D        | Found a burning altar of Makhleb.
   235 | D        | Found a sparkling altar of Nemelex Xobeh.
   236 | D        | Found an iron altar of Okawaru.
   237 | D        | Found a stormy altar of Qazlal.
   238 | D        | Found a sacrificial altar of Ru.
   241 | D        | Became a worshipper of Gozag Ym Sagoz the Greedy
   244 | D        | Found a shimmering blue altar of Sif Muna.
   245 | D        | Found a bloodstained altar of Trog.
   246 | D        | Found a hide-covered altar of Uskayaw.
   247 | D        | Found a radiant altar of Vehumet.
   248 | D        | Found an ornate altar of the Wu Jian Council.
   249 | D        | Found a shimmering altar of Xom.
   250 | D        | Found a basalt altar of Yredelemnul.
   251 | D        | Found a glowing silver altar of Zin.
   252 | D        | Found a glowing golden altar of the Shining One.
   299 | D        | Noticed a kobold brigand
   299 | D        | Noticed a two-headed ogre
   299 | D        | Noticed a centaur
   299 | D        | Noticed a yak
   299 | D        | Noticed a shadow
   299 | D        | Noticed a kobold brigand
   306 | D        | Killed a kobold brigand
   316 | D        | Killed a shadow
   317 | D        | Reached skill level 1 in Dodging
   317 | D        | Reached XP level 6. HP: 44/44 MP: 6/6
   321 | D        | Killed a yak
   322 | D        | Reached XP level 7. HP: 38/50 MP: 7/7
   331 | D        | Killed a two-headed ogre
   332 | D        | Reached skill level 10 in Fighting
   332 | D        | Reached XP level 8. HP: 14/57 MP: 8/8
   587 | D        | Noticed a tengu warrior
   587 | D        | Noticed a slime creature
   587 | D        | Noticed a centaur warrior
   587 | D        | Noticed a deep elf pyromancer
   587 | D        | Noticed a cyclops
   591 | D        | Killed a cyclops
   592 | D        | Reached skill level 1 in Evocations
   596 | D        | Killed a deep elf pyromancer
   597 | D        | Reached skill level 10 in Armour
   597 | D        | Reached XP level 9. HP: 39/63 MP: 9/9
   603 | D        | Killed a centaur warrior
   621 | D        | Killed a tengu warrior
   889 | D        | Noticed a komodo dragon
   889 | D        | Noticed a komodo dragon
   889 | D        | Noticed a cane toad
   899 | D        | Killed a cane toad
   911 | D        | Killed a komodo dragon
   930 | D        | Killed a komodo dragon
   931 | D        | Reached XP level 10. HP: 37/71 MP: 10/10
  1107 | D        | Reached skill level 1 in Throwing
  1133 | D        | Reached skill level 15 in Maces & Flails
  1195 | D        | Noticed a cane toad
  1218 | D        | Killed a cane toad
  1222 | D        | Reached skill level 10 in Shields
  1222 | D        | Noticed a cane toad
  1227 | D        | Reached skill level 5 in Dodging
  1257 | D        | Killed a cane toad
  1258 | D        | Reached skill level 5 in Stealth
  1334 | D        | Noticed a death yak
  1334 | D        | Noticed a death yak
  1334 | D        | Noticed a catoblepas
  1340 | D        | Noticed a catoblepas
  1356 | D        | Killed a catoblepas
  1734 | D        | Killed a death yak
  1735 | D        | Reached XP level 11. HP: 40/80 MP: 11/11
  2022 | D        | Killed a death yak
  2046 | D        | Killed a catoblepas
  2442 | D        | HP: 2/80 [orc priest/divine providence (14)]
  2714 | D        | Noticed an orc knight
  2723 | D        | Reached skill level 15 in Fighting
  3357 | D        | Killed an orc knight
  3358 | D        | Reached skill level 10 in Stealth
  3376 | D        | Noticed an orc knight
  3396 | D        | Killed an orc knight
  3638 | D        | Found Onafy's Weapon Boutique.
  3638 | D        | Noticed an orc knight
  3639 | D        | Noticed an orc knight
  3644 | D        | Noticed an orc knight
  3649 | D        | Killed an orc knight
  4000 | D        | Killed an orc knight
  4769 | D        | Found Laixofog's Book Shop.
  4772 | D        | Found Zaonwu's Assorted Antiques.
  4774 | D        | Found Ruazu's Assorted Antiques.
  4775 | D        | Noticed an orc knight
  5086 | D        | Killed an orc knight
  5404 | D        | Killed an orc knight
  5405 | D        | Reached XP level 12. HP: 22/88 MP: 12/12
  5975 | D        | Bought a potion of heal wounds for 120 gold pieces
  5975 | D        | Bought a tubular steel ring for 120 gold pieces
  5975 | D        | Bought a phantom mirror for 960 gold pieces
  5975 | D        | Bought a scroll of identify for 48 gold pieces
  5975 | D        | Bought a scroll labelled GOSENAKOREAM for 24 gold pieces
  5977 | D        | Bought a glowing dark potion for 14 gold pieces
  5977 | D        | Bought a potion of haste for 160 gold pieces
  5977 | D        | Bought a glowing dark potion for 14 gold pieces
  5977 | D        | Bought an inky potion for 14 gold pieces
  5977 | D        | Bought an onyx ring for 80 gold pieces
  5977 | D        | Bought a scroll labelled OFATIFODIU for 16 gold pieces
  5984 | D        | Bought a +3 flail of protection for 296 gold pieces
  6022 | D        | Noticed Maurice
  6040 | D        | Killed Maurice
  6112 | D        | Found the +8 Vampire's Tooth {vamp}
  6186 | D        | Bought a faintly humming chain mail for 266 gold pieces
  6186 | D        | Identified the +8 chain mail of the Game Afoot {Rampage
                  | Dex+7} (You bought it in a shop in the Dungeon)
  6191 | D        | Bought a runed helmet for 210 gold pieces
  6207 | D        | Noticed an eight-headed hydra
  6223 | D        | Noticed a rakshasa
  6246 | D        | Noticed an ice dragon
  6253 | D        | Noticed a sphinx
  6258 | D        | Killed an eight-headed hydra
  6259 | D        | Noticed an ice dragon
  6266 | D        | Noticed an ettin
  6288 | D        | Killed a rakshasa
  6458 | D        | Killed an ice dragon
  6467 | D        | Killed a sphinx
  6478 | D        | Killed an ice dragon
  6488 | D        | Killed an ettin
  6489 | D        | Reached skill level 15 in Armour
  6738 | D        | Noticed Nergalle
  6748 | D        | Killed Nergalle
  6801 | D        | Noticed a shock serpent
  6801 | D        | Noticed a nagaraja
  6821 | D        | Noticed a naga sharpshooter
  6822 | D        | Killed a shock serpent
  6823 | D        | Reached XP level 13. HP: 68/97 MP: 13/13
  6836 | D        | Killed a nagaraja
  7415 | D        | Noticed a bunyip
  7419 | D        | Noticed a bunyip
  7426 | D        | Killed a bunyip
  7457 | D        | Killed a bunyip
  7610 | D        | Noticed Saint Roka
  7642 | D        | Killed Saint Roka
  7799 | D        | Noticed a golden dragon
  7799 | D        | Noticed a rakshasa
  7799 | D        | Noticed a rakshasa
  7799 | D        | Noticed an ice dragon
  7799 | D        | Noticed a vampire knight
  7799 | D        | Noticed a vampire knight
  7806 | D        | Killed a vampire knight
  7816 | D        | Paralysed by a vampire knight for 3 turns
  7821 | D        | Killed a vampire knight
  7822 | D        | Reached skill level 15 in Shields
  8059 | D        | Killed a golden dragon
  8060 | D        | Gained mutation: Your large and strong wings let you fly.
                  | [Gargoyle growth]
  8060 | D        | Reached XP level 14. HP: 108/108 MP: 14/14
  8449 | D        | Noticed a stone giant
  8460 | D        | Killed a stone giant
  8649 | D        | Noticed a shadow dragon
  8652 | D        | Noticed a fire giant
  8665 | D        | Killed a shadow dragon
  8705 | D        | Killed a fire giant
  9021 | D        | Noticed a vault warden
  9021 | D        | Noticed an ironbound preserver
  9038 | D        | Killed an ironbound preserver
  9043 | D        | Noticed an ironbound preserver
  9050 | D        | Killed a vault warden
  9062 | D        | Noticed an ironbound preserver
  9072 | D        | Noticed an ironbound preserver
  9085 | D        | Killed an ironbound preserver
  9086 | D        | Reached skill level 15 in Stealth
  9086 | D        | Noticed an ironbound thunderhulk
  9105 | D        | Killed an ironbound preserver
  9124 | D        | Killed an ironbound thunderhulk
  9134 | D        | Noticed an ironbound preserver
  9152 | D        | Killed an ironbound preserver
  9522 | D        | Killed an ironbound preserver
  9641 | D        | Noticed Kirke
  9660 | D        | Killed Kirke
  9661 | D        | Reached XP level 15. HP: 119/119 MP: 15/15
  9711 | D        | Found the +8 mithril axe "Arga" {speed, Will+}
  9727 | D        | Got the +0 hat of Hedging {Int+3}
  9826 | D        | Noticed Jory
  9847 | D        | Killed Jory
  9968 | D        | Noticed Boris
 10001 | D        | Killed Boris
 10135 | D        | Noticed a nagaraja
 10135 | D        | Noticed a nagaraja
 10136 | D        | Noticed a nagaraja
 10145 | D        | Killed a nagaraja
 10160 | D        | Killed a nagaraja
 10170 | D        | Killed a nagaraja
 10171 | D        | Noticed a nagaraja
 10195 | D        | Killed a nagaraja
 10219 | D        | Got a serpentine rune of Zot
 10391 | D        | Noticed an emperor scorpion
 10391 | D        | Noticed an emperor scorpion
 10391 | D        | Noticed an emperor scorpion
 10391 | D        | Noticed an emperor scorpion
 10391 | D        | Noticed an emperor scorpion
 10396 | D        | Killed an emperor scorpion
 10413 | D        | Killed an emperor scorpion
 10427 | D        | Killed an emperor scorpion
 10465 | D        | Killed an emperor scorpion
 10478 | D        | Killed an emperor scorpion
 10490 | D        | Reached skill level 5 in Axes
 10493 | D        | Noticed an emperor scorpion
 10523 | D        | Killed an emperor scorpion
 10534 | D        | Got a gossamer rune of Zot
 10762 | D        | Noticed Ilsuiw
 10809 | D        | Killed Ilsuiw
 11238 | D        | Reached skill level 10 in Axes
 11390 | D        | Got a barnacled rune of Zot
 11402 | D        | Reached skill level 5 in Evocations
 11424 | D        | Reached XP level 16. HP: 120/130 MP: 16/16
 11465 | D        | Got a decaying rune of Zot
 11503 | D        | Noticed Louise
 11527 | D        | Killed Louise
 11572 | D        | Noticed Margery
 11586 | D        | Killed Margery
 11603 | D        | Reached skill level 10 in Dodging
 11864 | D        | Reached skill level 27 in Fighting
 12095 | D        | Bought a glowing cloak for 247 gold pieces
 12095 | D        | Bought the +2 hood of the Assassin {Detection Stab+
                  | Stlth++} for 1980 gold pieces
 12095 | D        | Found the +2 hood of the Assassin {Detection Stab+ Stlth++}
 12114 | D        | Bought a scroll of brand weapon for 400 gold pieces
 12114 | D        | Bought a scroll of fear for 70 gold pieces
 12114 | D        | Bought a scroll of identify for 40 gold pieces
 12114 | D        | Bought a scroll of identify for 40 gold pieces
 12120 | D        | Noticed an ancient lich
 12120 | D        | Noticed a sphinx
 12128 | D        | Killed a sphinx
 12155 | D        | Killed an ancient lich
 12161 | D        | Noticed a shadow dragon
 12177 | D        | Noticed a shadow dragon
 12180 | D        | Killed a shadow dragon
 12184 | D        | Reached skill level 27 in Maces & Flails
 12205 | D        | Killed a shadow dragon
 12206 | D        | Reached XP level 17. HP: 128/139 MP: 17/17
 12265 | D        | Noticed a tentacled monstrosity
 12293 | D        | Killed a tentacled monstrosity
 12326 | D        | Got a silver rune of Zot
 12384 | D        | Noticed Mennas
 12426 | D        | Killed Mennas
 12431 | D        | Noticed Mara
 12444 | D        | Noticed mhtbhm's illusion
 12456 | D        | Killed Mara
 12517 | D        | Got the amulet "Sizxiuk" {RegenMP rPois Int+3}
 12519 | D        | Got the ring "Beuhesou" {rPois rN+ rCorr}
 12521 | D        | Got the ring "Garoteox" {*Slow rN+ Will- EV+4 Int+7}
 12523 | D        | Got the ring of Buurph {rC+ Str+5 Int-3 Dex+5}
 12525 | D        | Got the ring of the Kraken {Ice rPois Dex-5 Stlth+}
 12640 | D        | Noticed Frances
 12644 | D        | Killed Frances
 12996 | D        | Noticed a bone dragon
 13011 | D        | Killed a bone dragon
 13021 | D        | Reached skill level 15 in Axes
 13175 | D        | Noticed a tentacled monstrosity
 13205 | D        | Killed a tentacled monstrosity
 13206 | D        | Reached skill level 27 in Shields
 13412 | D        | Bought a scroll of enchant weapon for 142 gold pieces
 13412 | D        | Bought a scroll of brand weapon for 380 gold pieces
 13412 | D        | Bought a scroll of poison for 66 gold pieces
 13412 | D        | Bought a scroll of summoning for 180 gold pieces
 13542 | D        | Reached XP level 18. HP: 145/145 MP: 18/18
 13884 | D        | Noticed a golden dragon
 13884 | D        | Noticed a golden dragon
 13884 | D        | Noticed a tentacled monstrosity
 13885 | D        | Noticed a golden dragon
 13885 | D        | Killed a tentacled monstrosity
 13886 | D        | Killed a golden dragon
 13897 | D        | Killed a golden dragon
 13905 | D        | Killed a golden dragon
 14195 | D        | Noticed an Orb Guardian
 14195 | D        | Noticed an Orb Guardian
 14195 | D        | Noticed an Orb Guardian
 14195 | D        | Noticed an Orb Guardian
 14195 | D        | Noticed an Orb Guardian
 14195 | D        | Noticed an Orb Guardian
 14196 | D        | Noticed an Orb Guardian
 14196 | D        | Killed an Orb Guardian
 14197 | D        | Noticed an Orb Guardian
 14197 | D        | Killed an Orb Guardian
 14198 | D        | Noticed an Orb Guardian
 14200 | D        | Killed an Orb Guardian
 14201 | D        | Noticed an Orb Guardian
 14205 | D        | Killed an Orb Guardian
 14207 | D        | Killed an Orb Guardian
 14215 | D        | Killed an Orb Guardian
 14224 | D        | Killed an Orb Guardian
 14231 | D        | Killed an Orb Guardian
 14235 | D        | Killed an Orb Guardian
 14239 | D        | Killed an Orb Guardian
 14301 | D        | Noticed an Orb Guardian
 14301 | D        | Noticed an Orb Guardian
 14301 | D        | Noticed a golden dragon
 14302 | D        | Noticed an Orb Guardian
 14302 | D        | Killed a golden dragon
 14303 | D        | Noticed an Orb Guardian
 14304 | D        | Killed an Orb Guardian
 14305 | D        | Killed an Orb Guardian
 14310 | D        | Reached skill level 27 in Stealth
 14313 | D        | Killed an Orb Guardian
 14314 | D        | Killed an Orb Guardian
 14335 | D        | Noticed an ancient lich
 14336 | D        | Killed an ancient lich
 14339 | D        | Noticed an orb of fire
 14340 | D        | Killed an orb of fire
 14343 | D        | Noticed an electric golem
 14344 | D        | Killed an electric golem
 14347 | D        | Noticed an electric golem
 14347 | D        | Noticed a Killer Klown
 14347 | D        | Noticed an orb of fire
 14347 | D        | Noticed a golden dragon
 14347 | D        | Noticed an Orb Guardian
 14350 | D        | Noticed an orb of fire
 14360 | D        | Gained mutation: You are frail. (-10% HP) [an orb of fire]
 14364 | D        | Gained mutation: Your magical capacity is low. (-10% MP)
                  | [an orb of fire]
 14370 | D        | Killed an orb of fire
 14371 | D        | Gained mutation: You are clumsy. (Dex -2) [an orb of fire]
 14374 | D        | Noticed an orb of fire
 14374 | D        | Killed an orb of fire
 14375 | D        | Reached skill level 27 in Axes
 14376 | D        | Noticed an orb of fire
 14376 | D        | Killed an Orb Guardian
 14379 | D        | Killed an electric golem
 14380 | D        | Reached XP level 19. HP: 74/135 MP: 17/17
 14385 | D        | Killed a golden dragon
 14387 | D        | Killed a Killer Klown
 14388 | D        | Reached skill level 10 in Throwing
 14479 | D        | Noticed a Killer Klown
 14501 | D        | Killed a Killer Klown
 14505 | D        | Killed an orb of fire
 14507 | D        | Gained mutation: You are very frail. (-20% HP) [an orb of
                  | fire]
 14518 | D        | Killed an orb of fire
 14897 | D        | Lost mutation: You are very frail. (-20% HP) [potion of
                  | mutation]
 14897 | D        | Lost mutation: You are frail. (-10% HP) [potion of
                  | mutation]
 14897 | D        | Gained mutation: Your spells are a little harder to cast,
                  | but a little more powerful. [potion of mutation]
 14897 | D        | Lost mutation: Your magical capacity is low. (-10% MP)
                  | [potion of mutation]
 14917 | D        | Noticed a tentacled monstrosity
 14918 | D        | Noticed an electric golem
 14921 | D        | Killed a tentacled monstrosity
 14932 | D        | Killed an electric golem
 14995 | D        | Reached skill level 15 in Throwing
 15061 | D        | Reached skill level 15 in Dodging
 15191 | D        | Noticed an ancient lich
 15191 | D        | Noticed an ancient lich
 15191 | D        | Noticed an ancient lich
 15191 | D        | Noticed an ancient lich
 15191 | D        | Noticed an ancient lich
 15213 | D        | Killed an ancient lich
 15218 | D        | Killed an ancient lich
 15223 | D        | Noticed an ancient lich
 15226 | D        | Killed an ancient lich
 15227 | D        | Reached skill level 5 in Polearms
 15238 | D        | Killed an ancient lich
 15246 | D        | Killed an ancient lich
 15247 | D        | HP: 6/151 [ancient lich/crystal spear (80)]
 15257 | D        | Killed an ancient lich
 15258 | D        | Reached skill level 10 in Polearms
 15568 | D        | Reached XP level 20. HP: 157/157 MP: 20/20
 15699 | D        | Reached skill level 15 in Polearms
 15710 | D        | Got an elven rune of Zot
 15912 | D        | Paralysed by a floating eye for 4 turns
 15926 | D        | Paralysed by a floating eye for 2 turns
 16081 | D        | Noticed the Royal Jelly
 16111 | D        | Killed the Royal Jelly
 16193 | D        | Got a slimy rune of Zot
 16951 | D        | Noticed a royal mummy
 16951 | D        | Noticed a royal mummy
 16951 | D        | Noticed a royal mummy
 16959 | D        | Killed a royal mummy
 16960 | D        | Reached skill level 27 in Armour
 16963 | D        | Noticed a royal mummy
 16968 | D        | Killed a royal mummy
 16975 | D        | Killed a royal mummy
 17391 | D        | Killed a royal mummy
 17402 | D        | Got a golden rune of Zot
 17426 | D        | Bought a box of beasts for 720 gold pieces
 17428 | D        | Bought a lightning rod (4/4) for 1050 gold pieces
 17428 | D        | Bought a shiny plate armour for 910 gold pieces
 17450 | D        | Bought a potion of might for 52 gold pieces
 17450 | D        | Bought a potion of attraction for 39 gold pieces
 17466 | D        | Reached XP level 21. HP: 155/163 MP: 21/21
 17493 | D        | Got an abyssal rune of Zot
 17637 | D        | Noticed Geryon
 17638 | D        | Killed Geryon
 17642 | D        | Noticed Mnoleg
 17642 | D        | Found the +7 sceptre of Asmodeus
 17642 | D        | Noticed Asmodeus
 17643 | D        | Killed Asmodeus
 17644 | D        | Noticed Lom Lobon
 17647 | D        | Killed Mnoleg
 17648 | D        | Found the +6 sword of Cerebov {flame}
 17648 | D        | Noticed Cerebov
 17651 | D        | Killed Lom Lobon
 17652 | D        | Noticed Antaeus
 17794 | D        | Killed Cerebov
 17795 | D        | Reached skill level 27 in Polearms
 18149 | D        | Noticed Ereshkigal
 18157 | D        | Killed Antaeus
 18158 | D        | Reached skill level 27 in Throwing
 18160 | D        | Paralysed by Ereshkigal for 3 turns
 18172 | D        | Paralysed by Ereshkigal for 2 turns
 18184 | D        | Killed Ereshkigal
 18441 | D        | Noticed Gloorx Vloq
 18456 | D        | Killed Gloorx Vloq
 18665 | D        | Got an obsidian rune of Zot
 18669 | D        | Got a glowing rune of Zot
 18673 | D        | Got a magical rune of Zot
 18677 | D        | Got a fiery rune of Zot
 18681 | D        | Got an icy rune of Zot
 18683 | D        | Found the +4 staff of Dispater
 18683 | D        | Noticed Dispater
 18702 | D        | Killed Dispater
 18706 | D        | Got a dark rune of Zot
 18710 | D        | Got an iron rune of Zot
 18717 | D        | Got a bone rune of Zot
 19138 | D        | Got the Orb of Zot
 19994 | D        | Bought a scroll of fog for 36 gold pieces
 19994 | D        | Bought a scroll of summoning for 171 gold pieces
 19994 | D        | Bought a scroll of fog for 36 gold pieces
 20355 | D        | Noticed a seraph
 20377 | D        | Killed a seraph
 20392 | D        | Reached skill level 27 in Dodging
 20392 | D        | Reached skill level 10 in Evocations
 20475 | D        | Reached XP level 22. HP: 157/169 MP: 22/22
 20517 | D        | Noticed Daqief the pandemonium lord
 20523 | D        | Paralysed by Daqief for 5 turns
 20536 | D        | Paralysed by Daqief for 3 turns
 20543 | D        | Killed Daqief the pandemonium lord
 20557 | D        | Reached skill level 15 in Evocations
 21030 | D        | Noticed a profane servitor
 21052 | D        | Killed a profane servitor
 21589 | D        | Noticed Boris
 21597 | D        | Killed Boris
 21672 | D        | Noticed Ipro the pandemonium lord
 21680 | D        | Killed Ipro the pandemonium lord
 21836 | D        | Noticed Wewurr the pandemonium lord
 21850 | D        | Killed Wewurr the pandemonium lord
 21969 | D        | Reached skill level 27 in Evocations
 21975 | D        | Noticed Ahyucuci the pandemonium lord
 21979 | D        | Killed Ahyucuci the pandemonium lord
 21980 | D        | Reached skill level 1 in Conjurations
 21980 | D        | Reached skill level 1 in Ice Magic
 21980 | D        | Reached skill level 1 in Earth Magic
 21980 | D        | Reached skill level 1 in Invocations
 21987 | D        | Reached skill level 1 in Short Blades
 21987 | D        | Reached skill level 1 in Long Blades
 21987 | D        | Reached skill level 1 in Staves
 21987 | D        | Reached skill level 1 in Slings
 21987 | D        | Reached skill level 1 in Bows
 21987 | D        | Reached skill level 1 in Crossbows
 21987 | D        | Reached skill level 1 in Unarmed Combat
 21987 | D        | Reached skill level 1 in Spellcasting
 21987 | D        | Reached skill level 1 in Hexes
 21987 | D        | Reached skill level 1 in Summonings
 21987 | D        | Reached skill level 1 in Translocations
 21987 | D        | Reached skill level 1 in Fire Magic
 21987 | D        | Reached skill level 1 in Poison Magic
 21990 | D        | Reached skill level 1 in Necromancy
 21990 | D        | Reached skill level 1 in Transmutations
 21990 | D        | Reached skill level 1 in Air Magic
 22015 | D        | Noticed Ablai the pandemonium lord
 22036 | D        | Killed Ablai the pandemonium lord
 22085 | D        | Escaped with the Orb!

Illustrated notes

Levels and vault maps discovered:
D:        linesprint [early_d, line_temple, items_1, d_10, items_2, lair_1,
          lair_end, items_3, orc_1, orc_end, items_4, d_15, swamp_1, shoals_1,
          snake_1, spider_1, d_20, vaults_1, items_5, swamp_end, shoals_end,
          snake_end, spider_end, vaults_end, d_27, items_6, zot_1, zot_end,
          crypt_end, forest_end, elf_end, slime_end, tomb_end, abyss_end,
          pan_hell_end]

Skill      XL: |  1  2  3  4  5  6  7  8  9 10 11 12 13 14 15 16 17 18 19 20 21 22 |
---------------+-------------------------------------------------------------------+-----
Fighting       | 5 6 8 10 12 14 16 18 20 23 25 27 | 27.0
Maces & Flails | 3 4 7 8 11 12 14 16 17 18 20 23 24 27 | 27.0
Armour         | 5 6 8 9 10 11 12 13 15 16 18 19 20 22 25 27 | 27.0
Shields        | 5 6 7 8 9 10 11 12 15 16 19 23 27 | 27.0
Dodging        | 1 2 4 5 6 7 8 9 10 11 13 15 18 27 | 27.0
Evocations     | 1 2 3 4 5 6 11 27 | 27.0
Stealth        | 3 5 10 11 13 15 19 23 27 | 27.0
Throwing       | 1 2 8 21 24 27 | 27.0
Axes           | 11 12 20 27 | 27.0
Polearms       | 11 24 27 | 27.0
Conjurations   | 2 |  2.0
Ice Magic      | 1 |  1.8
Earth Magic    | 2 |  2.1
Invocations    | 2 |  2.0
Short Blades   | 1 |  1.6
Long Blades    | 1 |  1.6
Staves         | 1 |  1.7
Slings         | 1 |  1.7
Bows           | 1 |  1.8
Crossbows      | 1 |  1.8
Unarmed Combat | 1 |  1.7
Spellcasting   | 1 |  1.5
Hexes          | 1 |  1.5
Summonings     | 1 |  1.5
Translocations | 1 |  1.5
Fire Magic     | 1 |  1.8
Poison Magic   | 1 |  1.7
Necromancy     | 1 |  1.4
Transmutations | 1 |  1.3
Air Magic      | 1 |  1.3

Action                   |  1- 3 |  4- 6 |  7- 9 | 10-12 | 13-15 | 16-18 | 19-21 | 22-24 || total
-------------------------+-------+-------+-------+-------+-------+-------+-------+-------++-------
Melee: Flail             |    26 |    27 |    72 |   537 |       |       |       |       ||   662
       Demon whip        |       |       |       |   159 |   754 |   421 |       |       ||  1334
       Broad axe         |       |       |       |       |   219 |   448 |   320 |       ||   987
       Trishula          |       |       |       |       |       |       |   494 |   260 ||   754
Throw: Dart              |       |       |     1 |     4 |       |       |     2 |       ||     7
       Javelin           |       |       |       |       |       |     4 |    14 |     6 ||    24
Invok: Potion Petition   |       |       |     1 |     6 |    12 |     6 |    11 |     2 ||    38
       Call Merchant     |       |       |       |     1 |     2 |     4 |     6 |       ||    13
Evoke: Wand              |       |     1 |     4 |     5 |     1 |       |       |       ||    11
       Phantom mirror    |       |       |       |     3 |     5 |       |     2 |       ||    10
  Use: Potion            |     1 |     5 |     4 |     8 |     2 |     5 |    10 |       ||    35
       Scroll            |       |       |     1 |     4 |     3 |     4 |    20 |       ||    32
 Stab: Invisible         |       |       |     3 |     3 |     3 |     5 |     1 |       ||    15
       Distracted        |       |       |       |     5 |     6 |    22 |    23 |     6 ||    62
       Petrified         |       |       |       |    15 |       |       |       |       ||    15
       Petrifying        |       |       |       |     1 |       |       |       |       ||     1
       Sleeping          |       |       |       |       |     5 |    22 |    15 |       ||    42
       Confused          |       |       |       |       |       |     1 |       |       ||     1
Armor: Scale mail        |     7 |     4 |       |       |       |       |       |       ||    11
       Ring mail         |       |     8 |    20 |    71 |       |       |       |       ||    99
       Chain mail        |       |       |       |    77 |   320 |   114 |    65 |       ||   576
       Plate armour      |       |       |       |       |       |       |    65 |    45 ||   110
Dodge: Dodged            |    13 |     5 |    37 |   124 |   180 |    88 |    89 |    39 ||   575
Block: Buckler           |     5 |     3 |    14 |   101 |    89 |       |       |       ||   212
       Tower shield      |       |       |       |       |   221 |   327 |   413 |   158 ||  1119
       Reflection        |       |       |       |       |       |     1 |    10 |     2 ||    13

Table legend: (Time is in decaauts) A = Elapsed time spent in this place. B = Non-inter-level travel time spent in this place. C = Inter-level travel time spent in this place. D = Time resting spent in this place. E = Time spent auto-exploring this place. F = Levels seen in this place. G = Mean time per level. A B C D E F G +--------+--------+--------+--------+--------+-----+--------+ Total | 20393 | 19910 | 483 | 8969 | 2386 | 1 | 20393.0 | Dungeon | 20393 | 19910 | 483 | 8969 | 2386 | 1 | 20393.0 | +--------+--------+--------+--------+--------+-----+--------+

Top non-repeatable levels by time:
       D: 20393 daAuts
